 Dungeon Crawl Stone Soup version 0.32-a0-131-g9dbbe29261 (webtiles) character file.

Game seed: 9627367013850169522

15 Bravepunisher the Ducker (level 2, -10/16 HPs)
             Began as a Spriggan Monk on Feb 8, 2024.
             Shot with an arrow by a centaur (14 damage)
             ... on level 5 of the Dungeon.
             The game lasted 00:02:33 (642 turns).

Bravepunisher the Ducker (Spriggan Monk)             Turns: 642, Time: 00:02:33

Health: -10/16     AC:  2    Str:  7    XL:     2   Next: 34%
Magic:  3/3        EV: 19    Int: 11    God:
Gold:   20         SH:  0    Dex: 17    Spells: 1/1 levels left

rFire   . . .        a - +0 short sword
rCold   . . .        (no shield)
rNeg    . . .        b - +0 robe
rPois   .            (helmet restricted)
rElec   .            (no cloak)
rCorr   .            (gloves unavailable)
SInv    +            (boots unavailable)
Will    .....        (no amulet)
Stlth   ++           (no ring)
HPRegen 0.22/turn    (no ring)
MPRegen 0.08/turn

%: no passive effects
@: very quick
A: very small, no large weapons, unfitting armour, see invisible, speed 3
a: no special abilities


You were on level 5 of the Dungeon.
You visited 1 branch of the dungeon, and saw 5 of its levels.

You collected 20 gold pieces.

Inventory:

Hand Weapons
 a - a +0 short sword (weapon)
Armour
 b - a +0 robe (worn)
Scrolls
 c - a scroll of enchant weapon {unknown}
 d - a scroll of amnesia {unknown}
 e - a scroll of identify {unknown}


   Skills:
 + Level 2.6 Fighting
 - Level 3.2 Short Blades
 * Level 4.7 Dodging


You had one spell level left.
You didn't know any spells.
Your spell library was empty.

Dungeon Overview and Level Annotations

Branches:
Dungeon (5/15)
 Temple: D:4-7

Altars:
Gozag
Okawaru

Shops:
D:4 *:

Annotations:
D:3 Sigmund
D:4 Menkaure


Innate Abilities, Weirdness & Mutations

You are very small and have problems with some larger weapons.
You are too small for most types of armour.
You have supernaturally acute eyesight. (SInv)
You cover ground extremely quickly. (Speed+++)


Message History

Found a scroll labelled SURAPOL VULYZA.
Found a club.
Found a stone staircase leading down.
The hobgoblin attacks as it pursues you!
The hobgoblin closely misses you.
Found a trident.
Found a pearl ring.
Found a robe.
An adder comes into view.
Found a war axe and 5 stones.
A jelly comes into view.
The adder hisses angrily.
The jelly quivers.
The goblin misses you. The ball python barely misses you.
The ball python grabs you. The ball python constricts you.
You escape the ball python's grasp.
The goblin attacks as it pursues you! The goblin barely misses you.
The ball python attacks as it pursues you!
The ball python bites you. The ball python misses you.
There is a stone staircase leading down here.
You climb downwards.
There is a stone staircase leading up here.
HP restored.
You now have 20 gold pieces (gained 10).
c - a scroll labelled ATWAN CONE A ribbon worm comes into view.
A ribbon worm is nearby!
A centaur comes into view.
The centaur shouts!
The centaur wields a +0 shortbow.
The centaur shoots an arrow.
The arrow hits you.
The centaur shoots an arrow.
The arrow hits you!
Ouch! That really hurt!
* * * LOW HITPOINT WARNING * * *
An orc wizard and 2 orcs come into view.
An orc is wielding a +2 dagger of venom.
The orc shouts!
The orc wizard shouts!
The centaur shoots an arrow.
The arrow hits you!
Ouch! That really hurt!
You die...

#.# #.# .#
#.# .#
#######.##.
....c.c.#..
#######.#.#
#.#.#
#.#.####.#
#.#@.....o#
#.###...o...
## ...o.#.
#.##.# .# ..
.# # . #


You could see a centaur, an orc wizard and 2 orcs.

Vanquished Creatures
  An adder (D:2)
  An endoplasm (D:2)
  A hobgoblin (D:2)
  A quokka (D:1)
  2 rats (D:1)
6 creatures vanquished.

Notes
Turn   | Place    | Note
-------+----------+-------------------------------------------
     0 | D:1      | Bravepunisher the Spriggan Monk began the quest for the
                  | Orb.
     0 | D:1      | Reached XP level 1. HP: 11/11 MP: 2/2
   204 | D:2      | Reached XP level 2. HP: 10/16 MP: 3/3
   463 | D:3      | Noticed Sigmund
   482 | D:3      | Found an iron altar of Okawaru.
   540 | D:4      | Noticed Menkaure
   540 | D:4      | Found an opulent altar of Gozag.
   540 | D:4      | Found Kuwogata's Vocational Training.
   540 | D:4      | Found Gozag's Platinum Reserve.
   586 | D:5      | Entered Level 5 of the Dungeon
   637 | D:5      | Noticed a centaur
   642 | D:5      | Shot with an arrow by a centaur

Illustrated notes

Levels and vault maps discovered:
D:1:      dpeg_arrival_rhombus, layout_basic, minmay_tromino_v4_c
D:2:      layout_basic, chequers_serial_rivers_large_a, minmay_misc_feat_tower,
          minivault_23
D:3:      layout_rooms, okawaru_gym_becter, serial_shops,
          nicolae_shop_advertising_works [nicolae_subvault_shop_adworks],
          nicolae_shop_tiny_statue_garden, shop,
          nicolae_shop_just_a_little_nook, shop, uniq_sigmund
D:4:      layout_rooms, general_overflow_altar, nicolae_gozag_zags_fifth_avenue,
          minmay_temple_entry_butterflies, grunt_ministairs_10,
          nicolae_shop_vocational, uniq_menkaure
D:5:      layout_loops_ring, lemuel_doored_altar,
          mainiacjoe_overflow_six_doors_small, nicolae_ru_sacrificial_ziggurat

Action                     || total
---------------------------++-------
  Melee: Short sword       ||    40
    Use: Potion            ||     1
   Stab: Sleeping          ||     1
 Armour: Robe              ||    20
  Dodge: Dodged            ||    51

Table legend: (Time is in decaauts)
 A = Elapsed time spent in this place.
 B = Non-inter-level travel time spent in this place.
 C = Inter-level travel time spent in this place.
 D = Time resting spent in this place.
 E = Time spent auto-exploring this place.
 F = Levels seen in this place.
 G = Mean time per level.
                   A        B        C        D        E       F      G
               +--------+--------+--------+--------+--------+-----+--------+
         Total |    442 |    419 |     23 |      0 |    176 |   5 |   88.4 |
       Dungeon |    442 |    419 |     23 |      0 |    176 |   5 |   88.4 |
               +--------+--------+--------+--------+--------+-----+--------+

Top non-repeatable levels by time:
     D:2: 197 daAuts
     D:1: 130 daAuts
     D:3: 46 daAuts
     D:5: 39 daAuts
     D:4: 28 daAuts
